Map: Lost and Found LE

Players

Woogie - Winner!

  • Race: Zerg Zerg
  • League: Diamond
  • Spawn Location: 1:00

DMoN

  • Race: Protoss Protoss
  • League: Diamond
  • Spawn Location: 7:00

VOD

Have the link to the VOD?

Description

Take a really early 2nd gas(could have waited for 19 drones and have my roach warren down), but I'm able to break through a proxy gate/robo before an Immortal gets out.

Time

  • Played on: Sept. 19, 2018, 7:28 p.m.
  • Length: 7:29
Show
View Real Time Build Order
Export as new Build Order

Woogie Zerg - Winner!

Build Orders: Pool First 

Get SALT Encoding   

  12  0:03  Drone  
  13  0:13  Drone  
  14  0:28  Spawning Pool  
  13  0:32  Overlord  
  13  0:37  Drone  
  14  0:44  Extractor, Drone  
  14  0:51  Drone  
  14  0:55  Drone  
  16  1:15  Zergling x2  
  16  1:16  Queen  
  16  1:17  Drone  
  20  1:29  Overlord  
  20  1:45  Roach Warren, Drone  
  20  1:47  Extractor  
  20  1:53  Metabolic Boost  
  18  1:56  Drone  
  18  2:00  Spine Crawler  
  18  2:06  Drone  
  19  2:17  Drone  
  19  2:21  Drone  
  19  2:22  Queen  
  23  2:28  Drone  
  24  2:46  Drone x2  
  26  2:57  Roach  
  26  2:58  Overlord x2  
  28  3:11  Drone  
  29  3:23  Roach x3  
  35  3:39  Roach x3  
  41  4:05  Roach x2  
  41  4:06  Overlord  
  45  4:35  Roach x2  
  47  4:43  Zergling x2  
  47  4:44  Hatchery  
  43  5:06  Zergling x2  
  43  5:07  Zergling x2  
  43  5:09  Lair  
  43  5:15  Drone  
  44  5:21  Evolution Chamber  
  44  5:24  Evolution Chamber  
  44  5:26  Overlord  
  44  5:28  Hatchery, Ravager  
  42  5:29  Ravager x6  
  48  5:45  Drone x2  
  48  6:39  Roach x3  
  60  6:40  Roach x3  
  60  6:42  Queen  
  60  6:44  Queen  
  60  6:46  Queen  
  64  6:48  Overlord x2  
  64  6:49  Drone  
Show
View Real Time Build Order
Export as new Build Order

DMoN Protoss 

Build Orders: Cannon Rush 

Get SALT Encoding   

  12  0:01  Probe  
  13  0:15  Pylon  
  13  0:23  Probe  
  14  0:34  Forge  
  14  0:39  Probe  
  15  0:53  Pylon  
  15  0:54  Probe  
  17  1:11  Photon Cannon  
  17  1:15  Photon Cannon  
  16  1:26  Gateway  
  16  1:29  Probe  
  17  1:49  Photon Cannon  
  17  1:57  Probe  
  17  2:00  Assimilator  
  18  2:09  Probe  
  18  2:14  Zealot  
  21  2:17  Cybernetics Core  
  21  2:21  Probe  
  22  2:23  Assimilator  
  22  2:33  Probe  
  23  2:41  Zealot  
  25  2:45  Probe  
  26  2:59  Probe  
  26  3:03  Robotics Facility  
  25  3:11  Probe  
  26  3:31  Shield Battery  
  26  3:35  Shield Battery  
  26  3:37  Photon Cannon  
  26  3:38  Pylon  
  26  3:40  Zealot  
  28  4:02  Shield Battery  
  32  4:07  Stalker  
  32  4:18  Shield Battery  
  32  4:21  Shield Battery  
  26  4:34  Stargate  
  26  4:38  Nexus  
  26  4:42  Robotics Facility  
  26  4:46  Shield Battery  
  26  4:49  Photon Cannon  
  24  5:10  Oracle  
  24  5:16  Pylon  
  27  5:24  Immortal  
  27  5:26  Pylon  
  31  5:47  Phoenix  
  33  5:52  Probe  
  33  5:53  Probe  
  35  6:04  Probe  
  35  6:05  Probe  
  39  6:21  Pylon  
  39  6:22  Pylon  
  39  6:25  Probe x2  
  37  6:31  Photon Cannon  
  37  6:32  Photon Cannon  
  37  6:45  Stargate  
  34  7:04  Shield Battery  
  34  7:05  Shield Battery  
Tags
 
Add a new tag
Caveats
  • Supply blocks, unpowered buildings, or Contaminate may cause inaccurate times.
  • Supply counts are checked every 10 seconds.